 Dungeon Crawl Stone Soup version 0.25-a0-576-g50b708a4c4 (webtiles) character file.

Game seed: 11044240677624385121, levelgen mode: deterministic

141293 Flugslaktarn the Severer (level 16, -1/152 HPs)
             Began as a Deep Dwarf Fighter on Mar 1, 2020.
             Was the Champion of Makhleb.
             Slain by a six-headed hydra (10 damage)
             ... on level 4 of the Swamp.
             The game lasted 00:14:58 (15018 turns).

Flugslaktarn the Severer (Deep Dwarf Fighter)      Turns: 15018, Time: 00:14:58

Health: -1/152     AC: 23    Str: 25    XL:     16   Next: 48%
Magic:  8/8        EV: 10    Int: 11    God:    Makhleb [******]
Gold:   269        SH: 18    Dex: 14    Spells: 15/15 levels left

rFire    + . .     SeeInvis +   j - +2 war axe (vamp)
rCold    + . .     Gourm    .   c - +0 kite shield
rNeg     + . .     Faith    .   o - +2 chain mail {rC+}
rPois    +         Spirit   .   S - +1 hat {MR+}
rElec    .         Reflect  +   p - +1 cloak {rPois}
rCorr    .         Harm     .   u - +1 pair of gloves
MR       +++..                  k - +1 pair of boots
Stlth    ..........             V - +4 amulet of reflection
HPRegen  0.00/turn              v - +2 ring of evasion
MPRegen  0.11/turn              f - ring of protection from fire

@: non-regenerating, hasted, very quick
A: damage resistance, heal wounds, camouflage 1, see invisible, agile 1,
negative energy resistance 1, sense surroundings 2, subdued magic 1, no
regeneration
}: 1/15 runes: serpentine
a: Heal Wounds, Minor Destruction, Lesser Servant of Makhleb, Major Destruction,
Greater Servant of Makhleb, Renounce Religion


You were on level 4 of the Swamp.
You worshipped Makhleb.
Makhleb was exalted by your worship.
You were not hungry.

You visited 5 branches of the dungeon, and saw 25 of its levels.

You collected 1315 gold pieces.
You spent 1046 gold pieces at shops.

Inventory:

Hand Weapons
 a - a +1 broad axe
   (You found it on level 5 of the Dungeon)
 b - a +1 hand axe of flaming
   (You found it on level 4 of the Dungeon)
 j - a +2 vampiric war axe (weapon)
   (You took it off an orc on level 10 of the Dungeon)
 H - a +2 hand axe of electrocution
   (You took it off an orc on level 7 of the Dungeon)
Missiles
 s - 3 throwing nets (quivered)
Armour
 c - a +0 kite shield (worn)
 k - a +1 pair of boots (worn)
   (You found it on level 3 of the Dungeon)
 o - a +2 chain mail of cold resistance (worn)
   (You took it off an orc warrior on level 10 of the Dungeon)
 p - a +1 cloak of poison resistance (worn)
   (You bought it in a shop on level 4 of the Dungeon)
 u - a +1 pair of gloves (worn)
   (You found it on level 4 of the Dungeon)
 S - a +1 hat of magic resistance (worn)
   (You took it off Gastronok on level 9 of the Dungeon)
Jewellery
 f - a ring of protection from fire (right hand)
   (You found it on level 6 of the Lair of Beasts)
 v - a +2 ring of evasion (left hand)
   (You found it on level 5 of the Dungeon)
 V - a +4 amulet of reflection (around neck)
   (You found it on level 10 of the Dungeon)
Wands
 l - a wand of paralysis (6)
   (You found it on level 10 of the Dungeon)
 F - a wand of acid (4)
   (You found it on level 4 of the Lair of Beasts)
 P - a wand of iceblast (8)
   (You found it on level 6 of the Lair of Beasts)
Scrolls
 g - 6 scrolls of remove curse
 i - a scroll of summoning
 r - 4 scrolls of identify
 t - 4 scrolls of teleportation
 y - 3 scrolls of enchant weapon
 E - 2 scrolls of magic mapping
 K - 2 scrolls of fog
 T - 2 scrolls of immolation
Potions
 d - 3 potions of might
 h - 3 potions of haste
 n - 4 potions of resistance
 q - 5 potions of curing
 w - 7 potions of heal wounds
 x - 2 potions of mutation
 A - a potion of berserk rage
 C - 3 potions of brilliance
 D - 2 potions of lignification
 I - a potion of ambrosia
 J - 2 potions of magic
 M - 3 potions of stabbing
 Q - 3 potions of invisibility
 R - 2 potions of cancellation {unknown}
Comestibles
 e - 25 rations


   Skills:
 + Level 12.0 Fighting
 - Level 18.0 Axes
 + Level 14.0 Armour
 + Level 13.9 Shields
 + Level 14.7 Invocations


You had 15 spell levels left.
You didn't know any spells.
Your spell library was empty.

Dungeon Overview and Level Annotations

Branches:
Dungeon (10/15)            Temple (1/1) D:7            Lair (6/6) D:10
  Swamp (4/4) Lair:2        Snake (4/4) Lair:2        Slime (0/5) Lair:5
    Orc (0/2) D:9

Altars:
Ashenzari
Cheibriados
Elyvilon
Fedhas
Gozag
Hepliaklqana
Kikubaaqudgha
Makhleb
Nemelex Xobeh
Okawaru
Ru
Sif Muna
Uskayaw
Vehumet
Wu Jian
Zin
The Shining One
Jiyva

Shops:
D:4 :::[   D:6 !?   D:9 :%*

Annotations:
Lair:4 1 runed translucent door, Rooheesk's ghost, journeyman DDGl
Lair:6 3 runed translucent doors, emiel's ghost, journeyman CeFi
Swamp:4 Mara


Innate Abilities, Weirdness & Mutations

You are resistant to damage.
You can heal yourself by infusing magical energy.
You resist negative energy. (rN+)
You passively map the area around you.
You do not regenerate.
Your skin changes colour to match your surroundings (Stealth+).
You have supernaturally acute eyesight. (SInv)
You are agile. (Dex +2)
Your spells are a little easier to cast, but a little less powerful.


Message History

The six-headed hydra completely misses you.
You block the six-headed hydra's attack. x2
The six-headed hydra bites you but does no damage.
The spriggan rider hits you but does no damage.
A demon appears!
The thorn hunter fires a volley of thorns at you.
The volley of thorns hits you!!
* * * LOW HITPOINT WARNING * * *
A demon appears!
The thorn hunter fires a volley of thorns at you.
The volley of thorns reflects off an invisible shield around you!
The volley of thorns hits the six-headed hydra!!
The spriggan rider misses you. The six-headed hydra barely misses you.
The six-headed hydra closely misses you.
You block the six-headed hydra's attack.
The six-headed hydra bites you but does no damage.
The six-headed hydra bites you.
* * * LOW HITPOINT WARNING * * *
The six-headed hydra bites you!
You die...

* ≈≈≈≈.≈♣.≈≈≈...≈♣♣. ,, *
≈.≈≈.≈≈(≈≈ ≈≈≈≈§≈., ≈ ≈≈
*♣.≈≈≈≈%≈%≈ ≈≈≈≈.♣♣* ≈ ≈ ≈
♣%≈≈≈..†≈♣♣ ..≈≈.♣♣♣♣ ,, ≈
♣♣♣.≈≈≈...i≈♣♣♣≈≈≈§.≈..≈ ≈≈
*♣≈.%≈≈≈♣.≈.≈♣♣≈♣≈♣≈≈≈... *
.≈≈≈≈≈≈≈≈)%.♣R≈.i2D.≈... *
≈≈≈%≈≈≈.%%)(§†##.##.§≈.*♣♣♣♣♣♣♣
≈≈≈≈≈≈(%≈)%%♣##@2P# ♣.♣ ♣≈...≈♣♣
≈≈≈≈≈≈..)†≈≈##DPPP.##.≈♣*≈..≈≈≈.
≈≈≈%≈≈≈%.≈≈§#.fDPP..#♣≈≈ *♣†≈≈≈≈
≈≈≈≈≈≈≈R≈≈###...PP^.#*♣≈♣♣♣<≈≈≈≈
≈≈≈≈§%%§.♣# .........#♣.≈≈)††≈≈≈
≈≈≈≈≈≈...♣##.........##♣.....§≈)
.≈..≈≈≈≈≈≈##.........##♣.≈♣.♣≈..
.:...≈≈≈♣≈♣##!......##♣≈.≈≈♣♣♣♣♣
≈.....≈§≈≈.♣# * *#♣≈..≈≈≈≈♣


You could see a thorn hunter, a six-headed hydra, 2 four-headed hydras, a
spriggan rider, a friendly cacodemon and a friendly blizzard demon.

Vanquished Creatures
  Gastronok (D:9)
  8 nagarajas
  Kirke (Snake:1)
  9 naga warriors (Snake:4)
  Fannar (Lair:2)
  2 shambling mangroves (Swamp:3)
  7 hydras
  14 anacondas
  Erica (D:9)
  A two-headed ogre (D:10)
  3 alligators
  3 naga sharpshooters (Snake:4)
  7 shock serpents
  Sonja (Lair:5)
  4 salamander mystics (Snake:4)
  3 spriggan druids
  A swamp dragon (Swamp:3)
  2 naga ritualists (Snake:4)
  6 lindwurms
  Pikel (D:9)
  An ugly thing (D:10)
  6 mana vipers
  5 salamanders
  6 elephants (Lair:6)
  23 black mambas
  6 guardian serpents (Snake:4)
  A gargoyle (D:10)
  A torpor snail (Lair:4)
  12 naga magi
  12 spiny frogs
  11 komodo dragons
  4 polar bears (Lair:6)
  A troll (D:9)
  6 tyrant leeches
  6 slime creatures (Swamp:3)
  14 blink frogs
  11 hornets
  8 hippogriffs
  2 bog bodies (Lair:2)
  26 dream sheep
  A vampire (D:9)
  17 spriggans
  2 hogs (Snake:1)
  15 yaks
  A wyvern (D:9)
  Sigmund (D:6)
  4 basilisks
  2 hungry ghosts
  2 steam dragons
  9 vampire mosquitoes
  5 insubstantial wisps (Swamp:4)
  16 nagas
  8 swamp worms
  12 water moccasins
  Duvessa (D:7)
  8 porcupines
  6 orc warriors
  2 sky beasts
  2 ice beasts
  3 slaves (D:9)
  4 swamp drakes
  3 black bears (Lair:6)
  2 centaurs
  A necrophage (D:10)
  37 wolves
  2 phantoms
  11 ogres
  4 boggarts (Lair:6)
  19 crocodiles
  3 big kobolds
  9 bullfrogs
  4 gnoll sergeants
  Dowan (D:7)
  6 scorpions
  15 killer bees
  9 wights
  3 electric eels
  4 crimson imps
  2 centaur zombies
  A jelly (D:7)
  5 orc priests
  8 orc wizards
  5 hounds
  A gnoll shaman (D:4)
  3 bullfrog skeletons
  A centaur skeleton (D:9)
  Terence (D:2)
  An iguana (D:7)
  6 hell rats (Lair:6)
  7 worker ants
  A worker ant zombie (D:6)
  2 howler monkey skeletons (D:9)
  9 adders
  23 gnolls
  4 shadow imps
  2 worms
  A dart slug (D:2)
  3 leopard geckos
  34 orcs
  6 giant cockroaches
  A hobgoblin (D:3)
  8 kobolds
  3 quokkas
  A ball python (D:2)
  3 bats
  2 frilled lizards
  3 goblins (D:2)
  A jackal skeleton (D:4)
  A leopard gecko zombie (D:8)
  A quokka zombie (D:7)
  3 rats
  A briar patch (Swamp:4)
  2 fungi
  2 plants
650 creatures vanquished.

Vanquished Creatures (collateral kills)
  11 hydras
  5 swamp dragons (Swamp:4)
  2 bog bodies (Swamp:4)
  3 slime creatures (Swamp:4)
  A spriggan (Swamp:4)
  A yak (Lair:2)
  3 vampire mosquitoes (Swamp:4)
  2 swamp worms (Swamp:4)
  2 water moccasins (Lair:1)
  2 porcupines
  7 swamp drakes (Swamp:4)
  2 wolves (Lair:3)
  A crocodile (Lair:3)
  A bullfrog (Lair:3)
  A fungus (Lair:2)
44 creatures vanquished.

Vanquished Creatures (others)
  An alligator (Swamp:4)
  2 naga sharpshooters (Snake:4)
  2 spriggan druids (Swamp:4)
  A vampire mosquito (Swamp:4)
  A briar patch (Swamp:4)
  4 fungi
  6 plants
17 creatures vanquished.

Grand Total: 711 creatures vanquished

Notes
Turn   | Place    | Note
-------+----------+-------------------------------------------
     0 | D:1      | Flugslaktarn the Deep Dwarf Fighter began the quest for the
                  | Orb.
     0 | D:1      | Reached XP level 1. HP: 20/20 MP: 1/1
   157 | D:2      | Found an iron altar of Okawaru.
   189 | D:2      | Noticed Terence
   194 | D:2      | Reached XP level 2. HP: 21/27 MP: 2/2
   210 | D:2      | Killed Terence
   210 | D:2      | Reached skill level 3 in Axes
   210 | D:2      | Reached XP level 3. HP: 20/34 MP: 3/3
   284 | D:3      | Reached XP level 4. HP: 29/42 MP: 3/3
   438 | D:4      | Noticed an ogre
   445 | D:4      | Killed an ogre
   445 | D:4      | Reached skill level 4 in Axes
   445 | D:4      | Reached XP level 5. HP: 48/49 MP: 4/4
   505 | D:4      | Found Oluaxyri's Book Emporium.
   520 | D:4      | Found Gitsiegh's Book Shop.
   526 | D:4      | Found Reduwoycw's Antique Armour Shoppe.
   574 | D:4      | Reached XP level 6. HP: 26/57 MP: 4/4
   575 | D:4      | Found Wiwo's Book Boutique.
   592 | D:4      | Reached skill level 5 in Axes
   983 | D:4      | Found a radiant altar of Vehumet.
   983 | D:4      | Found a white marble altar of Elyvilon.
  1042 | D:5      | Entered Level 5 of the Dungeon
  1134 | D:5      | Reached XP level 7. HP: 41/64 MP: 4/4
  1173 | D:5      | Reached skill level 5 in Armour
  1173 | D:5      | Reached skill level 5 in Shields
  1253 | D:5      | Reached skill level 6 in Axes
  2199 | D:6      | Found Muyluc's Distillery.
  2205 | D:6      | Bought a potion of heal wounds for 75 gold pieces
  2213 | D:6      | Found Agaonimi's Magic Scroll Emporium.
  2303 | D:6      | Reached XP level 8. HP: 68/73 MP: 3/3
  2368 | D:6      | Found an ancient bone altar of Kikubaaqudgha.
  2409 | D:6      | Reached skill level 7 in Axes
  2695 | D:6      | Noticed Sigmund
  2703 | D:6      | Killed Sigmund
  2711 | D:6      | Reached skill level 5 in Fighting
  2916 | D:7      | Reached skill level 8 in Axes
  3011 | D:7      | Found a staircase to the Ecumenical Temple.
  3085 | Temple   | Entered the Ecumenical Temple
  3096 | Temple   | Became a worshipper of Makhleb the Destroyer
  3211 | D:7      | Noticed Dowan
  3211 | D:7      | Noticed Duvessa
  3218 | D:7      | Gained mutation: You passively map the area around you.
                  | [Deep Dwarf growth]
  3218 | D:7      | Reached XP level 9. HP: 60/81 MP: 3/3
  3224 | D:7      | Killed Duvessa
  3224 | D:7      | Reached skill level 1 in Invocations
  3231 | D:7      | Killed Dowan
  3464 | D:8      | Reached skill level 9 in Axes
  3679 | D:8      | Reached * piety under Makhleb
  3825 | D:8      | Found a shattered altar of Ashenzari.
  3827 | D:8      | Found a glowing silver altar of Zin.
  4361 | D:9      | Reached skill level 10 in Axes
  4361 | D:9      | Reached XP level 10. HP: 79/92 MP: 5/5
  4481 | D:9      | Found Ompudim's Assorted Antiques.
  4484 | D:9      | Bought a scroll labeled ZEPHALLASHRI for 29 gold pieces
  4484 | D:9      | Bought a scroll labeled HENTEX IJEVY for 29 gold pieces
  4565 | D:9      | Reached ** piety under Makhleb
  4647 | D:9      | Found an ancient bone altar of Kikubaaqudgha.
  4684 | D:9      | Noticed Erica
  4705 | D:9      | Killed Erica
  4705 | D:9      | Reached skill level 5 in Invocations
  4736 | D:9      | Found a staircase to the Orcish Mines.
  4849 | D:9      | Reached skill level 11 in Axes
  4982 | D:9      | Found Lourchec's Book Shoppe.
  5025 | D:9      | Noticed Pikel
  5035 | D:9      | Killed Pikel
  5097 | D:9      | Found Goaguuh's Food Boutique.
  5236 | D:9      | Noticed Gastronok
  5258 | D:9      | Killed Gastronok
  5258 | D:9      | Reached XP level 11. HP: 27/100 MP: 5/7
  5341 | D:10     | Entered Level 10 of the Dungeon
  5554 | D:10     | Reached *** piety under Makhleb
  5588 | D:10     | Noticed a two-headed ogre
  5588 | D:10     | Noticed a green ugly thing
  5607 | D:10     | Killed a two-headed ogre
  5611 | D:10     | Killed a green ugly thing
  5787 | D:10     | Reached skill level 12 in Axes
  5876 | D:10     | Found a staircase to the Lair.
  6241 | Lair:1   | Entered Level 1 of the Lair of Beasts
  6553 | Lair:1   | Noticed a five-headed hydra
  6564 | Lair:1   | Killed a five-headed hydra
  6815 | Lair:1   | Noticed a four-headed hydra
  6844 | Lair:1   | Killed an 11-headed hydra
  7150 | Lair:2   | Noticed Fannar
  7192 | Lair:2   | Killed Fannar
  7201 | Lair:2   | Found a staircase to the Snake Pit.
  7224 | Lair:2   | Reached XP level 12. HP: 107/111 MP: 9/9
  7301 | Lair:2   | Found a staircase to the Swamp.
  7319 | Lair:2   | Reached skill level 13 in Axes
  7500 | Lair:2   | Reached skill level 10 in Shields
  7619 | Lair:2   | Noticed a six-headed hydra
  7634 | Lair:2   | Killed a nine-headed hydra
  7701 | Lair:2   | Reached skill level 10 in Armour
  8131 | Lair:3   | Noticed a four-headed hydra
  8151 | Lair:3   | Killed a ten-headed hydra
  8379 | Lair:3   | Noticed a six-headed hydra
  8389 | Lair:3   | Killed an eight-headed hydra
  9076 | Lair:4   | Reached **** piety under Makhleb
  9089 | Lair:4   | Reached skill level 10 in Invocations
  9108 | Lair:4   | Reached skill level 14 in Axes
  9179 | Lair:4   | Reached XP level 13. HP: 104/121 MP: 11/11
  9308 | Lair:4   | Found a runed translucent door.
  9310 | Lair:4   | Noticed Rooheesk's ghost (journeyman DDGl)
  9327 | Lair:4   | Identified the +7 spear of Zubual {vorpal, rPois rC- rN++
                  | SInv}
  9854 | Lair:5   | Found a staircase to the Slime Pits.
  9854 | Lair:5   | Found a viscous altar of Jiyva.
  9877 | Lair:5   | Noticed Sonja
  9900 | Lair:5   | Killed Sonja
 10321 | Lair:5   | HP: 3/121 [16-headed hydra (4)]
 10729 | Lair:6   | Entered Level 6 of the Lair of Beasts
 10895 | Lair:6   | Reached ***** piety under Makhleb
 10906 | Lair:6   | Reached skill level 15 in Axes
 11042 | Lair:6   | Found a runed translucent gate.
 11042 | Lair:6   | Found a runed translucent gate.
 11056 | Lair:6   | Noticed a minotaur
 11056 | Lair:6   | Noticed emiel's ghost (journeyman CeFi)
 11126 | Lair:6   | Found a runed translucent gate.
 11306 | Lair:6   | Reached skill level 10 in Fighting
 11314 | Lair:6   | Gained mutation: You resist negative energy. (rN+) [Deep
                  | Dwarf growth]
 11314 | Lair:6   | Reached XP level 14. HP: 132/132 MP: 10/10
 11778 | Lair:6   | Reached ****** piety under Makhleb
 12187 | Snake:1  | Entered Level 1 of the Snake Pit
 12499 | D:4      | Bought a runed cloak for 217 gold pieces
 12548 | D:6      | Bought a scroll of enchant weapon for 112 gold pieces
 12548 | D:6      | Bought a scroll of enchant weapon for 112 gold pieces
 12548 | D:6      | Bought a scroll of immolation for 52 gold pieces
 12555 | D:6      | Bought a potion of invisibility for 120 gold pieces
 12555 | D:6      | Bought 2 potions of heal wounds for 150 gold pieces
 12555 | D:6      | Bought a potion of haste for 150 gold pieces
 12794 | Snake:1  | Noticed Kirke
 12894 | Snake:1  | Noticed a sphinx
 12924 | Snake:1  | Killed Kirke
 13036 | Snake:2  | Noticed a nagaraja
 13060 | Snake:2  | Killed a nagaraja
 13083 | Snake:2  | Reached skill level 16 in Axes
 13349 | Snake:4  | Entered Level 4 of the Snake Pit
 13371 | Snake:4  | Noticed a nagaraja
 13388 | Snake:4  | Killed a nagaraja
 13814 | Snake:4  | Noticed a nagaraja
 13821 | Snake:4  | Noticed a nagaraja
 13822 | Snake:4  | Noticed a nagaraja
 13854 | Snake:4  | Reached XP level 15. HP: 94/140 MP: 9/9
 13861 | Snake:4  | Killed a nagaraja
 13872 | Snake:4  | Killed a nagaraja
 13891 | Snake:4  | Killed a nagaraja
 13978 | Snake:4  | Noticed a nagaraja
 13996 | Snake:4  | Killed a nagaraja
 14020 | Snake:4  | Noticed a nagaraja
 14040 | Snake:4  | Reached skill level 17 in Axes
 14047 | Snake:4  | Killed a nagaraja
 14088 | Snake:4  | Noticed a nagaraja
 14102 | Snake:4  | Killed a nagaraja
 14281 | Snake:4  | Got a serpentine rune of Zot
 14326 | Snake:4  | Reached XP level 16. HP: 151/151 MP: 9/11
 14471 | Swamp:1  | Entered Level 1 of the Swamp
 14717 | Swamp:3  | Reached skill level 18 in Axes
 14767 | Swamp:3  | Gained mutation: Your spells are a little easier to cast,
                  | but a little less powerful. [potion of mutation]
 14767 | Swamp:3  | Gained mutation: You are agile. (Dex +2) [potion of
                  | mutation]
 14767 | Swamp:3  | Gained mutation: Your skin changes colour to match your
                  | surroundings (Stealth+). [potion of mutation]
 14768 | Swamp:3  | Lost mutation: Your spells are a little easier to cast, but
                  | a little less powerful. [potion of mutation]
 14768 | Swamp:3  | Gained mutation: Your spells are a little easier to cast,
                  | but a little less powerful. [potion of mutation]
 14768 | Swamp:3  | Gained mutation: You have supernaturally acute eyesight.
                  | (SInv) [potion of mutation]
 14832 | Swamp:4  | Entered Level 4 of the Swamp
 14965 | Swamp:4  | Noticed Mara
 14984 | Swamp:4  | Noticed Flugslaktarn's illusion
 15007 | Swamp:4  | Noticed a thorn hunter
 15018 | Swamp:4  | Slain by a six-headed hydra

Levels and vault maps discovered:
D:1:      nicolae_arrival_memento_mori, layout_loops_ring
D:2:      layout_rooms, bloody_trog, grunt_dithmenos_smoke_and_mirrors,
          minivault_26, okawaru_gym_becter, uniq_terence
D:3:      cheibrodos_thug_alley, layout_loops_ring, tgw_xom
D:4:      layout_loops_ring, gammafunk_temple_overflow_elements, first_ration,
          serial_shops, nicolae_shop_trees, shop, shop,
          nicolae_shop_statue_plus, kennysheep_generic_room_12
D:5:      layout_layer_cave
D:6:      layout_basic, basic_altar, serial_shops, shop, shop, uniq_sigmund
D:7:      layout_rooms, minmay_temple_entry_statues, uniq_duvessa
D:8:      layout_basic, minitemple, nrook_uturn
D:9:      layout_stronghold, kennysheep_mini_moat,
          kennysheep_orc_monster_closet_entryway, serial_shops,
          nicolae_shop_temple_entry_statues_fountains,
          nicolae_shop_behind_doors, kennysheep_mini, grunt_pizzeria,
          minivault_11, ebering_dispersal_statue_hall, uniq_pikel, uniq_erica,
          uniq_gastronok
D:10:     layout_irregular_city, lair_entry_dummy
Temple:   cyrus_circular_temple
Lair:1:   layout_cave_pods, gauntlet_entry_generic, grunt_megastairs_1
Lair:2:   layout_chaotic_city, nicolae_swamp_entry_splash_gauntlet,
          guppyfry_snake_entry_garden, uniq_fannar
Lair:3:   layout_regular_city, nicolae_quartered_pool_medium,
          eino_small_chamber_without_monster, infiniplex_staircase_pool,
          lemuel_fruit_tree, grunt_megastairs_5
Lair:4:   cheibrodos_lair_overgrown_chateau, layout_gridlike,
          ebering_ghost_funeral_grove, minivault_19,
          grunt_forest_small_clearings
Lair:5:   layout_gridlike, slime_altar_1, grunt_forest_large_clearing_hut,
          uniq_sonja
Lair:6:   minmay_lair_end_enchanted_forest, layout_gridlike,
          maelrawn_ghost_gauntlet_escape, hibernation_bobbens,
          lemuel_fruit_fields, lemuel_fruit_fields
Swamp:1:  layout_basic_swamp, evilmike_swamp_ruin_house_2, uniq_jorgrun
Swamp:2:  layout_basic_swamp, evilmike_swamp_ruin_house_6
Swamp:3:  layout_basic_swamp, evilmike_swamp_ruin_rubble_1,
          statue_in_the_mist_lemuel
Swamp:4:  swamp, layout_basic_swamp, swamp_pool1,
          nicolae_swamp_hydra_murder_den, uniq_roxanne, uniq_mara
Snake:1:  layout_basic, special_room, uniq_kirke
Snake:2:  layout_layer_cave
Snake:3:  layout_basic, uniq_aizul
Snake:4:  snake_pit_salamanders_mu, layout_cave_town, grunt_ministairs_9

Skill      XL: |  1  2  3  4  5  6  7  8  9 10 11 12 13 14 15 16 |
---------------+-------------------------------------------------+-----
Fighting       | 3 4 5 6 7 8 9 10 11 12 | 12.0
Axes           | 3 4 5 6 8 10 11 12 14 15 16 17 18 | 18.0
Armour         | 4 5 6 7 8 9 10 11 12 13 14 | 14.0
Shields        | 4 5 6 7 8 9 10 11 12 13 | 13.9
Invocations    | 4 6 8 10 11 12 14 | 14.7

Action                   |  1- 3 |  4- 6 |  7- 9 | 10-12 | 13-15 | 16-18 || total
-------------------------+-------+-------+-------+-------+-------+-------++-------
Melee: War axe           |    53 |    12 |       |   519 |  1547 |   211 ||  2342
       Hand axe          |       |   106 |   267 |   291 |       |    46 ||   710
       Broad axe         |       |       |   126 |       |       |       ||   126
Invok: Lesser Servant of |       |       |       |    10 |     7 |       ||    17
       Greater Servant o |       |       |       |       |       |     5 ||     5
 Abil: Heal Wounds       |     1 |     4 |    15 |    10 |    14 |    16 ||    60
Evoke: Wand              |       |       |       |       |     6 |     3 ||     9
  Use: Potion            |       |       |     2 |       |     3 |     3 ||     8
       Scroll            |       |       |       |    22 |     9 |     6 ||    37
 Stab: Distracted        |       |       |       |     3 |     1 |       ||     4
       Petrified         |       |       |       |       |     6 |       ||     6
       Paralysed         |       |       |       |       |     1 |       ||     1
       Confused          |       |       |       |       |       |     1 ||     1
  Eat: Chunk             |       |     1 |    13 |    19 |    12 |       ||    45
       Ration            |       |       |       |       |     2 |     1 ||     3
Armor: Scale mail        |    17 |    34 |    49 |       |       |       ||   100
       Plate armour      |       |       |   134 |   145 |       |       ||   279
       Chain mail        |       |       |       |   221 |   827 |   195 ||  1243
Dodge: Dodged            |    15 |    33 |   106 |   246 |   510 |   116 ||  1026
Block: Kite shield       |    36 |    52 |   219 |   621 |  1496 |   287 ||  2711
       Reflection        |       |       |       |     6 |    75 |     4 ||    85

Table legend:
 A = Non-vault XP
 B = Vault XP
 C = Vault XP percentage of total XP
 D = Non-vault monster count
 E = Vault monster count
 F = Vault count percentage of total count
                 A         B        C        D         E       F
            +---------+---------+-------+---------+---------+-------
      Total |   96235 |   87041 |  47.5 |     484 |     206 |  29.9
            +---------+---------+-------+---------+---------+-------
        D:1 |       6 |       0 |   0.0 |       5 |       0 |   0.0
        D:2 |      38 |      38 |  50.0 |      14 |       1 |   6.7
        D:3 |      53 |       0 |   0.0 |       8 |       0 |   0.0
        D:4 |     537 |       2 |   0.4 |      22 |       1 |   4.3
        D:5 |     655 |       0 |   0.0 |      21 |       0 |   0.0
        D:6 |     413 |     205 |  33.2 |      14 |       1 |   6.7
        D:7 |    1224 |     226 |  15.6 |      23 |       2 |   8.0
        D:8 |    1577 |       0 |   0.0 |      31 |       0 |   0.0
        D:9 |    1824 |    5670 |  75.7 |      30 |      24 |  44.4
       D:10 |    4099 |       0 |   0.0 |      37 |       0 |   0.0
     Lair:1 |    3427 |     230 |   6.3 |      15 |       2 |  11.8
     Lair:2 |    4920 |    2348 |  32.3 |      24 |       9 |  27.3
     Lair:3 |    4200 |       0 |   0.0 |      21 |       0 |   0.0
     Lair:4 |    4921 |    4278 |  46.5 |      21 |      17 |  44.7
     Lair:5 |    6121 |    2963 |  32.6 |      26 |       4 |  13.3
     Lair:6 |   14499 |    8084 |  35.8 |      61 |      46 |  43.0
    Swamp:1 |    2764 |       0 |   0.0 |       9 |       0 |   0.0
    Swamp:2 |     665 |       0 |   0.0 |       3 |       0 |   0.0
    Swamp:3 |    9995 |       0 |   0.0 |      25 |       0 |   0.0
    Swamp:4 |    7284 |    8523 |  53.9 |      32 |      22 |  40.7
    Snake:1 |    3629 |    2390 |  39.7 |       7 |       3 |  30.0
    Snake:2 |    7775 |       0 |   0.0 |      10 |       0 |   0.0
    Snake:3 |     160 |       0 |   0.0 |       1 |       0 |   0.0
    Snake:4 |   15449 |   52084 |  77.1 |      24 |      74 |  75.5
            +---------+---------+-------+---------+---------+-------
